 Dungeon Sprint DCSS version 0.18.1-8-gdd0e5ea (webtiles) character file.

166 pipel the Reanimator (level 5, -3/28 HPs)
             Began as a Deep Elf Necromancer on May 21, 2016.
             Was a Follower of Sif Muna.
             Slain by a yak (17 damage)
             ... in the Dungeon (Sprint IX: "|||||||||||||||||||||||||||||").
             The game lasted 00:04:14 (487 turns).

pipel the Reanimator (Deep Elf Necromancer)          Turns: 487, Time: 00:04:14

Health: -3/28      AC:  2    Str:  5    XL:     5   Next: 22%
Magic:  2/19       EV: 15    Int: 24    God:    Sif Muna [*.....]
Gold:   0          SH:  0    Dex: 15    Spells: 6 memorised, 7 levels left

rFire  . . .     SeeInvis .     a - +2 morningstar (crush)
rCold  . . .     Gourm    .     q - +0 robe
rNeg   . . .     Faith    .     (no shield)
rPois  .         Spirit   .     (no helmet)
rElec  .         Dismiss  .     (no cloak)
rCorr  .         Reflect  .     (no gloves)
SustAt .         Harm     .     (no boots)
MR     .....     NoTele   +     (no amulet)
Stlth  ++........               w - +2 ring of evasion
                                v - +3 ring of intelligence

@: regenerating, not resistant to hostile enchantments, unstealthy
A: no striking features
a: Channel Energy, Renounce Religion


You were in the Dungeon.
You worshipped Sif Muna.
Sif Muna was aware of your devotion.
You were not hungry.

You visited 1 branch

Inventory:

Hand Weapons
 a - a +2 morningstar of crushing (weapon)
 j - a +0 whip
 r - a +2 scimitar of holy wrath
Armour
 q - a +0 robe (worn)
 s - a +0 cloak
 t - a +0 pair of gloves
 u - a +2 ring mail
Magical Staves
 b - an uncursed staff of energy
Jewellery
 v - a +3 ring of intelligence (left hand)
 w - a +2 ring of evasion (right hand)
Wands
 o - a wand of lightning (6/15)
Scrolls
 i - 2 scrolls of blinking
 m - 3 scrolls of remove curse
 n - 2 scrolls of amnesia
Potions
 d - 5 potions of curing
 e - 3 potions of heal wounds
 f - a potion of haste
 g - 4 potions of magic
 h - a potion of berserk rage
 l - a potion of invisibility
Books
 p - a book of Necromancy

   Spells                             Type                      Level
   a - Pain                           Necromancy                   1
   b - Animate Skeleton               Necromancy                   1
   c - Vampiric Draining              Necromancy                   3
   d - Regeneration                   Charms/Necromancy            3
   e - Animate Dead                   Necromancy                   4
   f - Control Undead                 Necromancy                   4
Comestibles
 c - a bread ration
 k - 3 chunks of flesh


   Skills:
 + Level 3.2 Dodging
 + Level 3.4 Stealth
 * Level 9.6 Spellcasting
 + Level 10.2 Necromancy


You had 7 spell levels left.
You knew the following spells:

 Your Spells              Type           Power        Failure   Level  Hunger
a - Animate Skeleton      Necr           N/A          1%          1    None
c - Control Undead        Necr           ######....   1%          4    #......
p - Pain                  Necr           ####         1%          1    None
r - Regeneration          Chrm/Necr      #####.....   1%          3    None
v - Vampiric Draining     Necr           ######....   1%          3    None
A - Animate Dead          Necr           N/A          1%          4    #......


Dungeon Overview and Level Annotations

Branches:
Dungeon (1/1)

Altars:
Cheibriados
Dithmenos
Elyvilon
Fedhas
Gozag
Kikubaaqudgha
Makhleb
Nemelex Xobeh
Okawaru
Pakellas
Qazlal
Ru
Sif Muna
Trog
Vehumet
Xom
Yredelemnul
Zin
The Shining One
Beogh
Jiyva
Lugonu


Message History

You fail to use your ability.
Casting: Regeneration
Confirm with . or Enter, or press ? or * to list all spells.
Aiming: Vampiric Draining
Press: ? - help, Shift-Dir - straight line, f - yak
Aim: a yak (heavily wounded)
The yak is heavily wounded.
You feel life coursing into your body. The yak gores you!!
Ouch! That really hurt!
* * * LOW HITPOINT WARNING * * *
You take 15 damage, and have 8/28 hp.
MASSIVE DAMAGE!!
You now have 5/19 mp.
Casting: Vampiric Draining
Confirm with . or Enter, or press ? or * to list all spells.
Aiming: Vampiric Draining
Press: ? - help, Shift-Dir - straight line, f/p - yak
Aim: a yak (heavily wounded)
The yak is severely wounded.
You feel life coursing into your body. The yak gores you!
Ouch! That really hurt!
You die... ▓▓▓▓▓▓▓▓▓▓▓▓▓▓▓▓▓▓▓▓▓▓▓▓▓▓ .....ZSZY@..)...'_________ ▓▓▓▓▓▓▓▓▓▓▓▓▓▓▓▓▓▓▓▓▓▓▓▓▓▓

You could see a yak, an adder, a giant gecko zombie and a giant gecko skeleton.

Vanquished Creatures
  A giant frog (D)
  A hound (D)
  An iguana (D)
  A worker ant (D)
  3 adders (D)
  A ball python (D)
  A giant newt (D)
  2 kobolds (D)
  A rat (D)
12 creatures vanquished.

Notes
Turn   | Place    | Note
--------------------------------------------------------------
     0 | D        | pipel the Deep Elf Necromancer began the quest for the Orb.
     0 | D        | Reached XP level 1. HP: 10/10 MP: 6/6
     4 | D        | Reached skill level 5 in Necromancy
    12 | D        | Learned a level 1 spell: Animate Skeleton
   201 | D        | Noticed a worker ant
   201 | D        | Noticed a hound
   221 | D        | Reached skill level 6 in Necromancy
   221 | D        | Reached XP level 2. HP: 12/15 MP: 5/9
   270 | D        | Reached skill level 7 in Necromancy
   348 | D        | Reached XP level 3. HP: 18/19 MP: 8/11
   357 | D        | Reached skill level 8 in Necromancy
   360 | D        | Reached skill level 9 in Necromancy
   360 | D        | Reached XP level 4. HP: 16/24 MP: 3/14
   377 | D        | Learned a level 3 spell: Vampiric Draining
   382 | D        | Learned a level 4 spell: Animate Dead
   387 | D        | Learned a level 4 spell: Control Undead
   391 | D        | Learned a level 3 spell: Regeneration
   395 | D        | Found a glowing silver altar of Zin.
   395 | D        | Found a glowing golden altar of the Shining One.
   395 | D        | Found an ancient bone altar of Kikubaaqudgha.
   395 | D        | Found a basalt altar of Yredelemnul.
   395 | D        | Found a shimmering altar of Xom.
   395 | D        | Found a radiant altar of Vehumet.
   396 | D        | Found an iron altar of Okawaru.
   397 | D        | Found a burning altar of Makhleb.
   398 | D        | Found a deep blue altar of Sif Muna.
   399 | D        | Found a bloodstained altar of Trog.
   400 | D        | Found a sparkling altar of Nemelex Xobeh.
   401 | D        | Found a white marble altar of Elyvilon.
   402 | D        | Found a roughly hewn altar of Beogh.
   403 | D        | Found a viscous altar of Jiyva.
   404 | D        | Found a corrupted altar of Lugonu.
   405 | D        | Found a blossoming altar of Fedhas.
   406 | D        | Became a worshipper of Sif Muna the Loreminder
   407 | D        | Found a snail-covered altar of Cheibriados.
   408 | D        | Found a shadowy altar of Dithmenos.
   409 | D        | Found a stormy altar of Qazlal.
   410 | D        | Found an opulent altar of Gozag.
   411 | D        | Found a sacrificial altar of Ru.
   412 | D        | Found an oddly glowing altar of Pakellas.
   472 | D        | Noticed a yak
   472 | D        | Noticed a giant frog
   478 | D        | Killed a giant frog
   478 | D        | Reached * piety under Sif Muna
   478 | D        | Reached skill level 10 in Necromancy
   478 | D        | Reached XP level 5. HP: 13/28 MP: 5/19
   487 | D        | Slain by a yak

Skill      XL: |  1  2  3  4 |
---------------+-------------+-----
Necromancy     | 6 7 9 10 | 10.2
Spellcasting   | 4 6 9 |  9.6
Stealth        | 3 |  3.4
Dodging        | 3 |  3.2

Action                   |  1- 3 |  4- 6 || total
-------------------------+-------+-------++-------
Melee: Morningstar       |       |     2 ||     2
 Cast: Pain              |    18 |     1 ||    19
       Animate Skeleton  |     5 |     2 ||     7
       Vampiric Draining |       |     5 ||     5
       Regeneration      |       |     1 ||     1
Invok: Channel Energy    |       |     2 ||     2
Evoke: Wand              |       |     1 ||     1
Dodge: Dodged            |     1 |     4 ||     5
